AoeStats
← 1Pac

Nomad

507921279Analyzed
3v3 RM · 12d ago on Sep 20, 2026· 41m 6s· 6 players
Game mode
Random Map
Map size
210×210
Population
200
Speed
Normal
Resources
Standard
Victory
Conquest
Starting age
Dark Age
Ending age
Imperial Age
RankedLock teamsTeams togetherTeam positionsShared explorationLock speedFull tech treeHidden civsTurbo modeCheats
Victory
Defeat
🇦🇺 Malay · Australia
1178
+15
🇦🇺 Hindustanis · Australia
1151
+16
🇦🇺 Ethiopians · Australia
1138
+17
🇳🇱 Japanese · Netherlands
1205
-18
🇳🇱 Cumans · Netherlands
1141
-15
🇳🇱 Lithuanians · Netherlands
1120
-15
Gerbil773
10:26 Loom
14:05 Feudal Age
19:25 Castle Age
17:13 Fishing Lines
21:34 Fletching
21:39 Double-Bit Axe
24:38 Wheelbarrow
23:49 Town Watch
25:57 Hand Cart
25:42 Town Patrol
25:56 Gillnets
26:37 Bow Saw
26:31 Gold Mining
29:43 Horse Collar
30:00 Bodkin Arrow
31:59 Thumb Ring
31:15 Crossbowman
32:54 Gold Shaft Mining
32:10 Stone Mining
35:14 Imperial Age
35:20 Arbalester
36:15 Bracer
36:16 Padded Archer Armor
36:47 Capped Ram
38:52 Chemistry
38:13 Ballistics
38:03 Siege Engineers
37:42 Siege Ram
38:46 Conscription
38:57 Torsion Engines
1Pac
5:37 Loom
9:44 Loom
12:26 Feudal Age
15:06 Man-at-Arms
16:09 Fletching
21:15 Town Watch
23:12 Fishing Lines
24:17 Double-Bit Axe
28:46 Castle Age
28:44 Horse Collar
31:12 Gold Mining
33:26 Wheelbarrow
33:18 Bloodlines
32:30 Light Cavalry
35:37 Ballistics
35:37 Pikeman
36:20 Scale Mail Armor
36:31 Forging
39:50 Imperial Age
39:22 Chain Mail Armor
40:17 Hand Cart
Ombudsman
5:16 Loom
14:28 Feudal Age
18:36 Castle Age
17:18 Scale Barding Armor
18:41 Forging
36:13 Horse Collar
37:20 Double-Bit Axe
38:07 Gold Mining
Geoloco
5:15 Loom
5:35 Loom
15:24 Feudal Age
16:14 Man-at-Arms
17:44 Wheelbarrow
19:08 Town Watch
19:15 Fletching
27:56 Scale Mail Armor
30:20 Forging
33:52 Double-Bit Axe
40:04 Castle Age
Thé Easter Bunny
6:00 Loom
13:08 Feudal Age
14:12 Town Watch
17:07 Double-Bit Axe
18:32 Horse Collar
21:45 Castle Age
21:42 Scale Barding Armor
21:48 Forging
23:58 Light Cavalry
25:51 Heavy Plow
26:05 Bow Saw
27:20 Pikeman
28:01 Squires
27:48 Arson
28:06 Scale Mail Armor
29:37 Stone Mining
29:38 Gold Mining
36:31 Bloodlines
36:23 Husbandry
36:52 Fletching
aledm58
5:28 Loom
14:19 Feudal Age
19:47 Wheelbarrow
21:35 Horse Collar
21:43 Double-Bit Axe
30:57 Castle Age
Connection lost

Rejoining the realm…

Still unreachable

The connection could not be restored.

Session expired

The server has moved on; the page needs a fresh start.